 Dungeon Crawl Stone Soup version 0.20.1-1-g8b1a95d (webtiles) character file.

9464 RKaid the Merchant of Misery (level 11, 0/86 HPs)
             Began as a Mummy Necromancer on July 21, 2017.
             Was a Believer of Kikubaaqudgha.
             Slain by a spiny frog (18 damage)
             ... on level 3 of the Lair of Beasts.
             The game lasted 01:15:02 (18776 turns).

RKaid the Merchant of Misery (Mummy Necromancer)   Turns: 18776, Time: 01:15:03

Health: 0/86       AC:  9    Str: 11    XL:     11   Next: 23%
Magic:  22/25      EV: 13    Int: 19    God:    Kikubaaqudgha [**....]
Gold:   711        SH:  5    Dex: 12    Spells: 15/31 levels left

rFire    + . .     SeeInvis .   b - +1 trident (protect)
rCold    + . .     Gourm    .   x - +0 buckler
rNeg     + + +     Faith    .   I - +3 leather armour {rF+}
rPois    ∞         Spirit   .   f - +1 hat
rElec    .         Reflect  .   c - +0 cloak
rCorr    .         Harm     .   l - +0 pair of gloves
MR       +....                  (no boots)
Stlth    ++........             (no amulet)
Regen    0.3/turn               t - ring of protection from fire {rF+}
MPRegen  0.2/turn               s - ring of stealth {Stlth+}

@: no status effects
A: no food or potions, fire vulnerability, cold resistance 1, negative energy
resistance 3, torment resistance, unbreathing
a: Receive Corpses, Renounce Religion


You were on level 3 of the Lair of Beasts.
You worshipped Kikubaaqudgha.
Kikubaaqudgha was pleased with you.
You were not hungry.

You visited 3 branches of the dungeon, and saw 13 of its levels.
You also visited: Volcano.

You collected 711 gold pieces.

Inventory:

Hand Weapons
 a - a +1 dagger of electrocution
   (You took it off an orc priest on level 7 of the Dungeon)
 b - a +1 trident of protection (weapon)
   (You took it off a gnoll sergeant on level 7 of the Dungeon)
 u - a +0 blowgun
   (You took it off a kobold on level 3 of the Dungeon)
 w - a +0 hunting sling
   (You took it off a goblin on level 2 of the Dungeon)
Missiles
 d - 97 sling bullets
 g - 39 poisoned needles
 k - 372 stones (quivered)
 r - 11 needles of sleeping
Armour
 c - a +0 cloak (worn)
   (You took it off Crazy Yiuf on level 6 of the Dungeon)
 f - a +1 hat (worn)
   (You found it on level 4 of the Dungeon)
 l - a +0 pair of gloves (worn)
   (You found it on level 2 of the Dungeon)
 n - a +0 robe
 x - a +0 buckler (worn)
   (You found it on level 6 of the Dungeon)
 I - a +3 leather armour of fire resistance (worn)
   (You found it in a volcano)
Jewellery
 s - a ring of stealth (right hand) {Stlth+}
   (You found it on level 8 of the Dungeon)
 t - a ring of protection from fire (left hand) {rF+}
   (You found it on level 7 of the Dungeon)
 H - the cursed ring "Urueb" {rF++ rC+++ Int-3 Dex-3, unknown}
   (You found it in a volcano)

   [ring of intelligence]

   It affects your intelligence (-3).
   It affects your dexterity (-3).
   It greatly protects you from fire.
   It renders you almost immune to cold.
   It has a curse placed upon it.
Wands
 i - a wand of flame (35/48)
   (You found it on level 1 of the Lair of Beasts)
 v - a wand of random effects (16/48)
   (You found it on level 5 of the Dungeon)
 z - a wand of enslavement (9/24)
   (You found it on level 6 of the Dungeon)
 A - a wand of acid (7/15)
   (You found it on level 1 of the Lair of Beasts)
 B - a wand of lightning (3/15)
   (You found it on level 8 of the Dungeon)
 E - a wand of disintegration (4/24)
   (You found it on level 9 of the Dungeon)
 F - a wand of lightning (10/15)
   (You found it on level 8 of the Dungeon)
Scrolls
 e - a scroll of summoning
 h - 2 scrolls of fog
 m - 6 scrolls of teleportation
 o - 3 scrolls of remove curse
 q - 3 scrolls of amnesia
 G - a scroll of enchant armour {unknown}
Books
 j - a book of Misfortune
   (You found it on level 6 of the Dungeon)
 p - a book of Necromancy
 y - Kikubaaqudgha's Disquisition on Evil
   (Kikubaaqudgha gifted it to you on level 6 of the Dungeon)

   Spells                             Type                      Level
   a - Animate Skeleton               Necromancy                   1
   b - Pain                           Necromancy                   1
   c - Corpse Rot                     Necromancy                   2
   d - Vampiric Draining              Necromancy                   3
   e - Control Undead                 Necromancy                   4
 C - a book of Geomancy
   (You found it on level 9 of the Dungeon)
Miscellaneous
 D - a phial of floods
   (You found it on level 9 of the Dungeon)


   Skills:
 + Level 8.3 Fighting
 + Level 5.0 Dodging
 - Level 1.5 Stealth
 + Level 4.4 Shields
 - Level 10.5 Spellcasting
 - Level 2.0 Hexes
 + Level 10.7 Necromancy


You had 15 spell levels left.
You knew the following spells:

 Your Spells              Type           Power        Failure   Level  Hunger
a - Pain                  Necr           ####         1%          1    N/A
b - Vampiric Draining     Necr           ######....   1%          3    N/A
c - Control Undead        Necr           ######....   1%          4    N/A
d - Animate Dead          Necr           N/A          1%          4    N/A
e - Confuse               Hex            ###.....     12%         3    N/A
A - Animate Skeleton      Necr           N/A          1%          1    N/A

Dungeon Overview and Level Annotations

Branches:
Dungeon (9/15)             Temple (1/1) D:4            Lair (3/6) D:8
    Orc (0/2) D:9
  Swamp: Lair:2-4    Shoals: Lair:2-4     Snake: Lair:2-4    Spider: Lair:2-4

Altars:
Ashenzari
Cheibriados
Dithmenos
Elyvilon
Fedhas
Gozag
Hepliaklqana
Kikubaaqudgha
Makhleb
Nemelex Xobeh
Okawaru
Qazlal
Ru
Sif Muna
Trog
Uskayaw
Vehumet
Xom
Yredelemnul
Zin
The Shining One

Shops:
D:4 *   D:9 %

Portals:
Ice
Cave: Lair:3

Annotations:
D:4 Edmund, Ijyb
D:6 2 transporters
D:7 Dowan, Duvessa
D:9 exclusions: troll and two-headed ogre
Lair:1 exclusion: hydra


Innate Abilities, Weirdness & Mutations

You do not eat or drink.
Your flesh is vulnerable to fire.
You are immune to poison.
Your flesh is cold resistant. (rC+)
You are immune to negative energy. (rN+++)
You are immune to unholy pain and torment.
You can survive without breathing.


Message History

You continue taking off your +1 leather armour of fire resistance. x4
You finish taking off your +1 leather armour of fire resistance.
You feel less resistant to fire.
You start putting on your armour.
You continue putting on your leather armour of fire resistance. x5
You finish putting on your +3 leather armour of fire resistance.
You feel resistant to fire.
Drop what? 35/52 slots (_ for help) (? for menu, Esc to quit)
You drop a +1 leather armour of fire resistance.
You start resting.
In the distance, the volcano explodes with a roar!
Lava spreads onto the path.
You hear a sizzling splash. x4
You see here a yellow potion.
G - a scroll labeled AZOULI VATICU You now have 711 gold pieces (gained 12).
Casting: Animate Dead
Confirm with . or Enter, or press ? or * to list all spells.
You don't know that spell.
Press: ? - help, v - describe, . - travel, g - get item A longbow of flaming.
The floor.
Press: ? - help, v - describe, . - travel, g - get item A hunting sling.
The floor.
Unknown command.
The air is thick with the scent of sulphur.
You start resting.
There is another distant roar.
More lava overflows!
You hear a sizzling splash. x9
A fire elemental comes into view.
You start resting.
The ground moves violently!
You start resting.
Your lindwurm zombie crumbles into dust!
The volcano erupts again!
A thin layer of lava overflows to fill the cavern.
You hear a sizzling splash. x4
Your salamander zombie falls into the lava!
Your salamander zombie is incinerated.
You hear a sizzling splash. x3
Found a rocky tunnel leading out of this place.
The ground shudders.
Some of the lava has hardened enough to walk over!
You start resting.
The ground shudders.
Some of the lava has hardened enough to walk over!
You start resting.
The ground shudders.
Some of the lava has hardened enough to walk over!
You start resting.
A molten gargoyle comes into view. It is wielding a morningstar.
Press: ? - help, v - describe, . - travel
Here: a molten gargoyle, wielding a morningstar The floor.
Unknown command.
Unknown command.
There is a rocky tunnel leading out of this place here.
Welcome back to the Lair of Beasts!
You feel a wave of frost pass over you.
There is an entrance to an ice cave on this level.
Hurry and find it before the portal melts!
You hear the steady crackling of a very distant melting archway.
There is a collapsed entrance here.
The basilisk hisses angrily.
The basilisk gazes at you. You resist with almost no effort.
A spiny frog comes into view.
The spiny frog gives a loud, deep croak!
The basilisk gazes at you.
You are slowing down.
The basilisk gazes at you. You resist with almost no effort.
Your limbs are stiffening.
You have turned to stone.
The basilisk gazes at you. You resist with almost no effort.
The spiny frog stings you!! x3
The spiny frog stings you! The spiny frog stings you.
The basilisk bites you but does no damage.
The spiny frog stings you! The basilisk gazes at you.
You resist with almost no effort. The spiny frog stings you.
The basilisk bites you. The spiny frog stings you!
The spiny frog stings you but does no damage.
The basilisk bites you!
You turn to flesh and can move again.
There is a frozen archway here.
Casting: Animate Dead
Confirm with . or Enter, or press ? or * to list all spells.
Aiming: Vampiric Draining
Press: ? - help, Shift-Dir - straight line, f - spiny frog
Aim: a spiny frog You feel life coursing into your body.
The spiny frog stings you!
* * * LOW HITPOINT WARNING * * *
The basilisk gazes at you. You resist with almost no effort.
The spiny frog closely misses you.
A hippogriff comes into view.
The basilisk gazes at you. You resist with almost no effort.
Okay, then.
Press: ? - help, v - describe, . - travel
Here: a spiny frog (moderately wounded)
The floor.
The spiny frog stings you!!
You die...
Kikubaaqudgha rasps: "You have failed me!
Welcome... oblivion!"

....#.# #H..#.##
##......#
....####....P.P#
..........>.P.# ..
........(....## ...
#.........#..#P... .
#......@.....P... ..
#.)....#F∩.#.... .$.
###................
....#P.........#.......
........##...........P.
..####P.##...........##
#P.#............#
##.##...........#
#.##...###.....#


You could see a hippogriff and a spiny frog.

Vanquished Creatures
  A two-headed ogre (D:8)
  2 spiny frogs (Lair:2)
  An orc warrior (D:7)
  20 yaks
  4 water moccasins
  2 porcupines
  An ice beast (D:5)
  A black bear (D:7)
  2 sky beasts
  2 phantoms
  An ogre (D:9)
  3 centaurs
  An eye of draining (D:9)
  3 bullfrogs
  A gnoll sergeant (D:7)
  A wyvern skeleton (D:8)
  A wyvern zombie (D:9)
  3 scorpions
  6 killer bees
  4 howler monkeys
  An electric eel (D:8)
  2 bullfrog zombies
  3 jellies (D:8)
  2 orc priests
  A centaur skeleton (D:4)
  4 hounds
  Crazy Yiuf (D:6)
  6 worker ants
  6 iguanas
  3 orc wizards
  A hound zombie (D:8)
  3 gnolls
  8 adders
  2 shadow imps
  2 adder skeletons
  2 worms (D:4)
  3 dart slugs (D:1)
  9 leopard geckos
  27 orcs
  2 ball pythons
  6 bats
  6 giant cockroaches
  5 goblins
  11 hobgoblins
  7 jackals
  5 quokkas
  6 frilled lizards
  6 kobolds
  2 quokka skeletons (D:8)
  5 rats
207 creatures vanquished.

Vanquished Creatures (collateral kills)
  A hydra (Lair:2)
  The ghost of Heedrag the Grappler, a journeyman VSFi of Okawaru (Lair:2)
  A black mamba (Lair:2)
  A komodo dragon (D:8)
  A spriggan (D:7)
  6 yaks
  A fire elemental (Volcano)
  A water moccasin (Lair:2)
  A sky beast (D:8)
  A centaur (D:7)
  A wyvern skeleton (D:8)
  3 crimson imps
  A centaur zombie (D:7)
  A hound (D:5)
  An orc wizard (D:7)
  A worker ant (D:6)
  A worm (D:4)
  An orc (D:3)
25 creatures vanquished.

Vanquished Creatures (others)
  A bullfrog (D:7)
  4 fungi (Lair:2)
  A plant (D:8)
6 creatures vanquished.

Grand Total: 238 creatures vanquished

Notes
Turn   | Place    | Note
-------+----------+-------------------------------------------
     0 | D:1      | RKaid the Mummy Necromancer began the quest for the Orb.
     0 | D:1      | Reached XP level 1. HP: 13/13 MP: 4/4
     2 | D:1      | Learned a level 1 spell: Animate Skeleton
   490 | D:1      | Reached skill level 3 in Spellcasting
   519 | D:1      | Reached XP level 2. HP: 7/20 MP: 0/6
  1009 | D:1      | Reached skill level 1 in Fighting
  1418 | D:1      | Reached XP level 3. HP: 26/26 MP: 4/7
  2699 | D:2      | Found a blossoming altar of Fedhas.
  2769 | D:2      | Reached XP level 4. HP: 32/33 MP: 1/9
  2856 | D:2      | Learned a level 3 spell: Vampiric Draining
  2861 | D:2      | Learned a level 4 spell: Control Undead
  3497 | D:3      | Reached skill level 2 in Fighting
  3497 | D:3      | Reached skill level 4 in Spellcasting
  3497 | D:3      | Reached skill level 5 in Necromancy
  3497 | D:3      | Reached XP level 5. HP: 38/38 MP: 5/11
  4757 | D:4      | Noticed Ijyb
  4786 | D:4      | Noticed Edmund
  4818 | D:4      | Found a staircase to the Ecumenical Temple.
  4842 | Temple   | Entered the Ecumenical Temple
  4893 | Temple   | Became a worshipper of Kikubaaqudgha
  4947 | D:4      | Reached XP level 6. HP: 22/46 MP: 12/12
  5106 | D:4      | Found Ujeich's Assorted Antiques.
  5261 | D:4      | Reached skill level 3 in Fighting
  5261 | D:4      | Reached skill level 6 in Necromancy
  5627 | D:5      | Entered Level 5 of the Dungeon
  5627 | D:5      | Noticed an ice beast
  5699 | D:5      | Reached skill level 5 in Spellcasting
  5800 | D:4      | Learned a level 4 spell: Animate Dead
  6028 | D:5      | Reached XP level 7. HP: 38/52 MP: 9/14
  6250 | D:5      | Reached skill level 7 in Necromancy
  6521 | D:5      | Reached skill level 4 in Fighting
  7152 | D:6      | Learned a level 3 spell: Confuse
  7252 | D:6      | Found a transporter.
  7256 | D:6      | Found a transporter.
  7266 | D:6      | Noticed a kobold demonologist
  7305 | D:6      | Reached skill level 6 in Spellcasting
  7305 | D:6      | Reached XP level 8. HP: 42/61 MP: 3/17
  7423 | D:6      | Reached * piety under Kikubaaqudgha
  7423 | D:6      | Identified Kikubaaqudgha's Disquisition on Evil (Kikubaaqudgha gifted it to you on level 6 of the Dungeon)
  7423 | D:6      | Received a gift from Kikubaaqudgha
  7467 | D:6      | Reached skill level 1 in Shields
  7642 | D:6      | Found a runed door.
  7827 | D:6      | Reached skill level 8 in Necromancy
  7912 | D:6      | RKaid: @??crazy yiuf
  7912 | D:6      | beem: Crazy Yiuf (g)
                  | Spd:
    10 | HD: 3    | HP: 16-23
                  | AC/EV: 3/9
                  | Dam: 9
                  | items, doors
                  | Res: magic(10)
                  | Vul: silver
                  | XP:
    40 | Sz: Medium | Int: human.
  7918 | D:6      | Noticed Crazy Yiuf
  7930 | D:6      | Killed Crazy Yiuf
  8023 | D:7      | Noticed Duvessa
  8023 | D:7      | Noticed Dowan
  8229 | D:7      | HP: 14/61 [phantom (5)]
  8483 | D:7      | Reached skill level 5 in Fighting
  8745 | D:7      | Reached skill level 2 in Shields
  8890 | D:7      | Reached skill level 7 in Spellcasting
  9192 | D:7      | Reached XP level 9. HP: 53/69 MP: 1/20
  9214 | D:7      | Reached skill level 3 in Shields
  9393 | D:7      | Noticed a gargoyle
  9899 | D:7      | RKaid: @??gargoyle
  9899 | D:7      | beem: gargoyle (9)
                  | Spd:
    10 | HD: 6    | HP: 23-32
                  | AC/EV: 18/6
                  | Dam: 20
                  | non-living, items, doors, fly, unbreathing
                  | Res: magic(40), elec, poison+++, drown, rot+++, neg+++, torm
                  | XP: 416
                  | Sp: stone arrow (3d12) [!AM, !sil]
                  | Sz: Medium
                  | Int: human.
 10068 | D:8      | Reached skill level 6 in Fighting
 10726 | D:8      | Found a staircase to the Lair.
 10727 | D:8      | Noticed a komodo dragon
 11445 | D:8      | Noticed a two-headed ogre
 11520 | D:8      | Killed a two-headed ogre
 11520 | D:8      | Reached skill level 4 in Shields
 11520 | D:8      | Reached skill level 8 in Spellcasting
 11520 | D:8      | Reached skill level 1 in Hexes
 11520 | D:8      | Reached skill level 9 in Necromancy
 11777 | D:8      | Reached skill level 2 in Hexes
 12183 | D:8      | Reached skill level 2 in Dodging
 12322 | D:8      | Killed a komodo dragon
 12817 | D:9      | Noticed a two-headed ogre
 13393 | D:9      | Noticed a troll
 13404 | D:9      | Found a staircase to the Orcish Mines.
 13594 | D:9      | Reached XP level 10. HP: 66/77 MP: 22/22
 13645 | D:9      | Found Giej's Food Shoppe.
 14190 | Lair:1   | Entered Level 1 of the Lair of Beasts
 14455 | Lair:1   | Reached skill level 3 in Dodging
 14455 | Lair:1   | Reached skill level 9 in Spellcasting
 14959 | Lair:1   | Noticed a six-headed hydra
 15473 | Lair:1   | Reached skill level 7 in Fighting
 15698 | Lair:1   | Reached skill level 10 in Necromancy
 16052 | D:8      | HP: 12/79 [yak (13)]
 16097 | D:8      | HP: 17/79 [yak (9)]
 16807 | Lair:2   | Reached skill level 4 in Dodging
 16884 | Lair:2   | Reached skill level 10 in Spellcasting
 16923 | Lair:2   | Noticed a spiny frog
 16929 | Lair:2   | Killed a spiny frog
 17035 | Lair:2   | Reached ** piety under Kikubaaqudgha
 17059 | Lair:2   | Noticed a black mamba
 17066 | Lair:2   | Killed a black mamba
 17129 | Lair:2   | Noticed Heedrag's ghost (journeyman VSFi)
 17140 | Lair:2   | Killed Heedrag's ghost
 17325 | Lair:2   | Reached XP level 11. HP: 64/86 MP: 16/25
 17537 | Lair:2   | Noticed a seven-headed hydra
 17599 | Lair:1   | Reached skill level 8 in Fighting
 17705 | Lair:2   | Killed a seven-headed hydra
 18094 | Lair:2   | Reached skill level 5 in Dodging
 18429 | Lair:3   | Found a frozen archway.
 18430 | Lair:3   | Found a dark tunnel.
 18439 | Volcano  | Entered a volcano
 18447 | Volcano  | HP: 20/86 [fire elemental (12)]
 18485 | Volcano  | Got a bound glass ring
 18774 | Lair:3   | HP: 18/86 [spiny frog (17)]
 18776 | Lair:3   | Slain by a spiny frog

Skill      XL: |  1  2  3  4  5  6  7  8  9 10 11 |
---------------+----------------------------------+-----
Spellcasting   | 3 4 5 6 7 8 10 | 10.5
Fighting       | 1 2 3 4 5 6 7 8 |  8.3
Necromancy     | 5 6 7 8 9 10 | 10.7
Shields        | 2 4 |  4.4
Hexes          | 2 |  2.0
Dodging        | 2 4 5 |  5.0
Stealth        | |  1.5

Action                   |  1- 3 |  4- 6 |  7- 9 | 10-12 || total
-------------------------+-------+-------+-------+-------++-------
Melee: Whip              |     4 |       |       |       ||     4
       Dagger            |     7 |     8 |     6 |       ||    21
       Short sword       |       |    23 |   115 |       ||   138
       Trident           |       |       |   105 |   128 ||   233
 Fire: Hunting sling     |       |       |    11 |     1 ||    12
 Cast: Pain              |    86 |   118 |   214 |   102 ||   520
       Animate Skeleton  |       |    14 |    13 |     3 ||    30
       Control Undead    |       |     1 |     3 |       ||     4
       Vampiric Draining |       |     3 |    26 |    41 ||    70
       Animate Dead      |       |     1 |    11 |    21 ||    33
       Confuse           |       |       |     2 |     3 ||     5
Invok: Receive Corpses   |       |       |     6 |     3 ||     9
Evoke: Wand              |       |       |     9 |    14 ||    23
  Use: Scroll            |     3 |     2 |     5 |     3 ||    13
 Stab: Sleeping          |       |     1 |     2 |     1 ||     4
       Confused          |       |       |     2 |       ||     2
       Distracted        |       |       |     1 |     1 ||     2
Armor: Robe              |     3 |     8 |    81 |    30 ||   122
       Leather armour    |       |       |       |     2 ||     2
Dodge: Dodged            |    24 |    36 |   205 |   104 ||   369
Block: Buckler           |       |       |    59 |    31 ||    90

Table legend:
 A = Turns spent in this place as a percentage of turns spent in the entire game.
 B = Non-inter-level travel turns spent in this place as a percentage of non-inter-level travel turns spent in the entire game.
 C = Inter-level travel turns spent in this place as a percentage of turns spent in this place.
 D = Turns resting spent in this place as a percentage of non-inter-level travel turns spent in this place.
 E = Turns spent auto-exploring this place as a percentage of non-inter-level travel turns spent in this place.
 F = Non-inter-level travel turns spent in this place divided by the number of levels of this place that you've seen.
                   A       B       C       D       E      F
               +-------+-------+-------+-------+-------+----------------------
         Total | 100.0 | 100.0 |   0.7 |   5.5 |   3.7 | 374.9
       Dungeon |  73.0 |  73.0 |   0.6 |   6.3 |   4.3 | 425.9
        Temple |   0.4 |   0.3 |   5.3 |   0.0 |   5.6 |  18.0
          Lair |  23.2 |  23.2 |   0.7 |   3.0 |   2.1 | 405.0
       Volcano |   3.4 |   3.5 |   0.0 |   7.1 |   0.0 | 182.0
               +-------+-------+-------+-------+-------+----------------------

Table legend:
 A = Kills in this place as a percentage of kills in entire the game.
 B = Kills by you in this place as a percentage of kills by you in the entire game.
 C = Kills by friends in this place as a percentage of kills by friends in the entire game.
 D = Other kills in this place as a percentage of other kills in the entire game.
 E = Experience gained in this place as a percentage of experience gained in the entire game.
 F = Experience gained in this place divided by the number of levels of this place that you have seen.
                   A       B       C       D       E      F
               +-------+-------+-------+-------+-------+----------------------
         Total | 100.0 | 100.0 | 100.0 |  -nan | 100.0 | 965.7
       Dungeon |  85.8 |  88.9 |  60.0 |  -nan |  50.9 | 764.8
          Lair |  13.8 |  11.1 |  36.0 |  -nan |  48.0 | 2162.3
       Volcano |   0.4 |   0.0 |   4.0 |  -nan |   1.1 | 150.0
               +-------+-------+-------+-------+-------+----------------------
